 Dungeon Crawl Stone Soup version 0.29-a0-334-gb41bcbb86e (webtiles) character file.

Game seed: 6464077815989971782

114 jlumianski the Skirmisher (level 4, 0/54 HPs)
             Began as a Demonspawn Fighter on Apr 14, 2022.
             Slain by an ice beast (2 damage)
             ... on level 3 of the Dungeon.
             The game lasted 00:07:29 (2205 turns).

jlumianski the Skirmisher (Demonspawn Fighter)      Turns: 2205, Time: 00:07:30

Health: 0/54       AC: 22    Str: 18    XL:     4   Next: 67%
Magic:  4/4        EV:  2    Int: 10    God:
Gold:   159        SH:  4    Dex: 12    Spells: 3/3 levels left

rFire   . . .      SeeInvis +   a - +0 war axe
rCold   . . .      Faith    .   c - +0 buckler
rNeg    . . .      Spirit   .   (body armour currently unavailable)
rPois   +          Reflect  .   (helmet currently unavailable)
rElec   .          Harm     .   (cloak currently unavailable)
rCorr   .          Rampage  .   (gloves currently unavailable)
Will    .....      NoTele   +   (boots currently unavailable)
Stlth   +.........              (no amulet)
HPRegen 0.18/turn               o - ring of see invisible
MPRegen 0.09/turn               (no ring)

@: tree-form
A: stationary, stasis, torment immunity, boosted hp, (weakness stinger 1)
a: no special abilities


You were on level 3 of the Dungeon.
You were a tree.
You visited 1 branch of the dungeon, and saw 3 of its levels.

You collected 159 gold pieces.

Inventory:

Hand Weapons
 a - a +0 war axe (weapon)
 k - a +1 whip of draining
Missiles
 i - 50 stones (quivered)
 p - 2 throwing nets
Armour
 b - a +0 scale mail
 c - a +0 buckler (worn)
 f - a +0 plate armour (melded)
Jewellery
 o - a ring of see invisible (left branch)
Scrolls
 e - a scroll of fear
 j - 2 scrolls of noise
 n - a scroll of enchant armour {unknown}
Potions
 d - 2 potions of might
 h - a potion of haste {unknown}
 l - a potion of magic
 m - a potion of heal wounds


   Skills:
 + Level 3.6 Fighting
 + Level 3.1 Axes
 + Level 3.2 Armour
 + Level 0.1 Dodging
 + Level 0.2 Stealth
 + Level 3.1 Shields


You had 3 spell levels left.
You didn't know any spells.
Your spell library was empty.

Dungeon Overview and Level Annotations

Branches:
Dungeon (3/15)

Altars:
Dithmenos
Zin

Shops:
D:3 *


Innate Abilities, Weirdness & Mutations

You are a tree.
Your roots penetrate the ground, keeping you stationary.
You cannot be teleported.
You are immune to unholy pain and torment.
Your maximum health is greatly increased.
Your equipment is partially melded.
((You have a small tail.))


Message History

You kill the giant cockroach!
You slash the kobold!
You kill the kobold!
The ice beast hits you but does no damage.
You closely miss the ice beast. The ice beast barely misses you.
You closely miss the ice beast.
The ice beast hits you but does no damage.
You slash the ice beast!
The ice beast is heavily wounded.
The ice beast hits you. The ice beast freezes you!
The ice beast hits you but does no damage.
You slash the ice beast!
The ice beast is severely wounded.
You block the ice beast's attack.
You hit the ice beast.
The ice beast is almost dead.
You block the ice beast's attack.
You hit the ice beast.
The ice beast is almost dead.
The ice beast hits you but does no damage. x2
You hit the ice beast but do no damage.
The ice beast is almost dead.
You hear the brisk rusting of a distant drain.
The ice beast hits you. The ice beast freezes you!
You closely miss the ice beast.
The ice beast is almost dead.
The ice beast hits you.
* * * LOW HITPOINT WARNING * * *
The ice beast freezes you!
* * * LOW HITPOINT WARNING * * *
The ice beast hits you but does no damage.
Really quaff the potion of lignification?
You turn into a tree.
Your +0 plate armour melds into your body.
Your roots penetrate the ground.
The ice beast hits you but does no damage.
You completely miss the ice beast.
The ice beast is almost dead.
The ice beast hits you.
You die...

#..................###
#.#.#.#.#.........)...
#...........##########
#.#.#.#.#....#
##............#
##..#.#.#(#....#
#..............#
#...#.#.#.#....#
#......♣Y......#
#.......).######
..........#
#.........#
#......>..#
#.........#
#.........#
#.........# .......##


You could see an ice beast.

Vanquished Creatures
  4 gnolls (D:3)
  An adder (D:2)
  2 dart slugs (D:2)
  An orc (D:2)
  5 ball pythons
  5 endoplasms
  4 giant cockroaches
  8 goblins
  4 hobgoblins
  5 kobolds
  4 quokkas
  6 bats
  4 frilled lizards
  5 rats
58 creatures vanquished.

Notes
Turn   | Place    | Note
-------+----------+-------------------------------------------
     0 | D:1      | jlumianski the Demonspawn Fighter began the quest for the
                  | Orb.
     0 | D:1      | Reached XP level 1. HP: 18/18 MP: 1/1
    23 | D:2      | Found a shadowy altar of Dithmenos.
   309 | D:1      | Gained mutation: You have a small tail. [demonic ancestry]
   309 | D:1      | Reached XP level 2. HP: 20/24 MP: 2/2
   682 | D:1      | Reached XP level 3. HP: 29/29 MP: 3/3
  1320 | D:2      | Found a faded altar of an unknown god.
  1321 | D:2      | Noticed a shining eye
  1323 | D:2      | Noticed a golden eye
  1323 | D:2      | Noticed a shining eye
  1323 | D:2      | Noticed a floating eye
  1834 | D:3      | Found Zin's Purification Station.
  1948 | D:3      | Reached XP level 4. HP: 33/35 MP: 4/4
  2189 | D:3      | Noticed an ice beast
  2203 | D:3      | HP: 1/36 [ice beast (7)]
  2205 | D:3      | Slain by an ice beast

Illustrated notes

Levels and vault maps discovered:
D:1:      minmay_arrival_diagonal_passages, layout_basic, kennysheep_boxes
D:2:      layout_basic, basic_altar, hellmonk_ecumenical_altar_watching_god
D:3:      layout_rooms, zin_purify, cheibrodos_sewer_entry_bend, serial_glass,
          glass_columns_c, glass_columns_b, kennysheep_nondescript, uniq_grinder

Skill      XL: |  1  2  3  4 |
---------------+-------------+-----
Axes           | 2 3 |  3.1
Armour         | 3 |  3.2
Shields        | 3 |  3.1
Fighting       | |  3.6
Dodging        | |  0.1
Stealth        | |  0.2

Action                   |  1- 3 |  4- 6 || total
-------------------------+-------+-------++-------
Melee: War axe           |   107 |    28 ||   135
       Tailslap          |     5 |     3 ||     8
  Use: Scroll            |     7 |     1 ||     8
       Potion            |       |     1 ||     1
Armor: Plate armour      |    77 |    18 ||    95
       Scale mail        |     1 |       ||     1
       Skin              |       |     1 ||     1
Dodge: Dodged            |    33 |     5 ||    38
Block: Buckler           |    32 |     8 ||    40

Table legend: (Time is in decaauts)
 A = Elapsed time spent in this place.
 B = Non-inter-level travel time spent in this place.
 C = Inter-level travel time spent in this place.
 D = Time resting spent in this place.
 E = Time spent auto-exploring this place.
 F = Levels seen in this place.
 G = Mean time per level.
                   A        B        C        D        E       F      G
               +--------+--------+--------+--------+--------+-----+--------+
         Total |   2297 |   2210 |     87 |      0 |   1483 |   3 |  765.7 |
       Dungeon |   2297 |   2210 |     87 |      0 |   1483 |   3 |  765.7 |
               +--------+--------+--------+--------+--------+-----+--------+

Top non-repeatable levels by time:
     D:1: 1075 daAuts
     D:2: 813 daAuts
     D:3: 408 daAuts
